 Dungeon Crawl Stone Soup version 0.20-a0-924-gfa95efa (webtiles) character file.

71 polly the Conjurer (level 4, -1/27 HPs)
             Began as an Octopode Conjurer on Mar 28, 2017.
             Slain by an adder (2 damage)
             ... on level 3 of the Dungeon.
             The game lasted 00:02:57 (1376 turns).

polly the Conjurer (Octopode Conjurer)              Turns: 1376, Time: 00:02:57

Health: -1/27      AC:  1    Str:  7    XL:     4   Next: 24%
Magic:  4/7        EV: 13    Int: 18    God:
Gold:   79         SH:  0    Dex: 12    Spells: 7/8 levels left

rFire    . . .     SeeInvis .   l - +3 whip
rCold    . . .     Gourm    .   (no shield)
rNeg     . . .     Faith    .   (helmet restricted)
rPois    .         Spirit   .   (no amulet)
rElec    .         Reflect  .   (no ring)
rCorr    .         Harm     .   (no ring)
MR       .....                  (no ring)
Stlth    +++.......             (no ring)
Regen    0.1/turn               (no ring)
MPRegen  0.1/turn               (no ring)
                                (no ring)
                                (no ring)

@: lethally poisoned (-1 -> -8), very slightly contaminated
A: almost no armour, stealthy swim, amphibious, 8 rings, constrict 8, camouflage
1, gelatinous body 1
a: no special abilities


You were on level 3 of the Dungeon.
You were very hungry.

You visited 1 branch of the dungeon, and saw 3 of its levels.

You collected 79 gold pieces.

Inventory:

Hand Weapons
 l - a +3 whip (weapon)
Jewellery
 f - an uncursed ring of ice {unknown}
Scrolls
 g - 3 scrolls of identify {unknown}
 h - a scroll of amnesia {unknown}
 i - a scroll of noise {unknown}
 j - a scroll of immolation {unknown}
 k - a scroll of magic mapping {unknown}
 m - a scroll of enchant armour {unknown}
 n - a scroll of recharging {unknown}
 o - a scroll of teleportation {unknown}
Potions
 d - a potion of magic
 e - a potion of curing {unknown}
 p - a potion of lignification {unknown}
Books
 a - a book of Conjurations

   Spells                             Type                      Level
   a - Magic Dart                     Conjuration                  1
   b - Searing Ray                    Conjuration                  2
   c - Dazzling Spray                 Conjuration/Hexes            3
   d - Fulminant Prism                Conjuration/Hexes            4
   e - Force Lance                    Conjuration/Translocation    4
   f - Iskenderun's Mystic Blast      Conjuration                  4
Comestibles
 b - 2 bread rations
 q - 3 fruits


   Skills:
 + Level 0.2 Fighting
 + Level 2.0 Dodging
 - Level 2.8 Stealth
 + Level 2.5 Spellcasting
 + Level 5.2 Conjurations


You had 7 spell levels left.
You knew the following spells:

 Your Spells              Type           Power        Failure   Level  Hunger
a - Magic Dart            Conj           ###.         1%          1    #......


Dungeon Overview and Level Annotations

Branches:
Dungeon (3/15)

Altars:
Makhleb

Portals:
Sewer: D:3


Innate Abilities, Weirdness & Mutations

You cannot wear most types of armour.
You are very stealthy in the water. (Stealth+)
You are amphibious.
You can wear up to eight rings at the same time.
You can use your tentacles to constrict eight enemies at once.
Your skin changes colour to match your surroundings (Stealth+).
Your rubbery body absorbs attacks. (AC +1, EV +1)


Message History

Nothing appears to happen.
The adder bites you.
Casting: Magic Dart
Confirm with . or Enter, or press ? or * to list all spells.
Aiming: Magic Dart
Press: ? - help, Shift-Dir - straight line You miscast Magic Dart.
Strange energies run through your body.
You feel sick. The adder bites you.
* * * LOW HITPOINT WARNING * * *
You are lethally poisoned!
The adder poisons you!
Casting: Magic Dart
Confirm with . or Enter, or press ? or * to list all spells.
Aiming: Magic Dart
Press: ? - help, Shift-Dir - straight line The magic dart hits the adder.
The adder is heavily wounded.
The adder bites you.
* * * LOW HITPOINT WARNING * * *
The adder bites you.
You die...

############
#..........#
#@#######.##
#S#≈≈≈≈≈#..#
#.'≈≈∩≈≈#..#
..#####.#≈≈≈≈≈#..#
........#######..#
#.#####..........#
####...##..##
#.#.......#
#.##.##†##.#


You could see an adder.

Vanquished Creatures
  2 adders
  A worm (D:2)
  A dart slug (D:2)
  2 ball pythons
  4 bats
  5 giant cockroaches
  7 goblins
  6 hobgoblins
  8 frilled lizards
  5 kobolds
  7 rats
48 creatures vanquished.

Notes
Turn   | Place    | Note
-------+----------+-------------------------------------------
     0 | D:1      | polly the Octopode Conjurer began the quest for the Orb.
     0 | D:1      | Reached XP level 1. HP: 11/11 MP: 3/3
   120 | D:1      | Reached XP level 2. HP: 14/17 MP: 1/5
   687 | D:2      | Reached XP level 3. HP: 18/21 MP: 2/6
  1086 | D:2      | Reached skill level 5 in Conjurations
  1186 | D:2      | Reached XP level 4. HP: 24/27 MP: 0/7
  1330 | D:3      | Found a glowing drain.
  1337 | D:3      | Found a burning altar of Makhleb.
  1376 | D:3      | HP: 1/27 [adder (3)]
  1376 | D:3      | Slain by an adder

Vault maps used:
D:1:      minmay_arrival_jagged
D:2:      first_bread, serial_bayou_pond_e
D:3:      lemuel_round_altar, chequers_ecumenical_altar_simple,
          gup_sewer_entry_glass, bloody_makhleb

Skill      XL: |  1  2  3 |
---------------+----------+-----
Conjurations   | 5 |  5.2
Fighting       | |  0.2
Dodging        | |  2.0
Stealth        | |  2.8
Spellcasting   | |  2.5

Action                   |  1- 3 |  4- 6 || total
-------------------------+-------+-------++-------
Melee: Unarmed           |    14 |       ||    14
       Constrict         |     9 |     2 ||    11
       Tentacles         |     4 |       ||     4
       Whip              |    10 |     6 ||    16
 Cast: Magic Dart        |    74 |    11 ||    85
  Use: Potion            |       |     2 ||     2
  Eat: Chunk             |     1 |       ||     1
Armor: Skin              |       |     2 ||     2
Dodge: Dodged            |    19 |    12 ||    31
